 Dungeon Crawl Stone Soup version 0.23-a0-703-gdf2d5e0 (console) character file.

7 Duffy the Firebug (level 1, 2/13 HPs)
             Began as a Demonspawn Fire Elementalist on Jan 13, 2019.
             Quit the game on level 2 of the Dungeon.
             The game lasted 00:00:49 (399 turns).

Duffy the Firebug (Demonspawn Fire Elementalist)     Turns: 399, Time: 00:00:50

Health: 2/13       AC:  2    Str:  8    XL:     1   Next: 91%
Magic:  0/3        EV: 12    Int: 21    God:
Gold:   0          SH:  0    Dex: 13    Spells: 3/4 levels left

rFire    . . .     SeeInvis .   (no weapon)
rCold    . . .     Gourm    .   (no shield)
rNeg     . . .     Faith    .   a - +0 robe
rPois    .         Spirit   .   (no helmet)
rElec    .         Reflect  .   (no cloak)
rCorr    .         Harm     .   (no gloves)
MR       .....                  (no boots)
Stlth    ++........             (no amulet)
HPRegen  0.04/turn              (no ring)
MPRegen  0.08/turn              (no ring)

@: brilliant, lethally poisoned (2 -> -2)
A: no striking features
a: no special abilities


You were on level 2 of the Dungeon.
You were not hungry.

You visited 1 branch of the dungeon, and saw 3 of its levels.

Inventory:

Armour
 a - a +0 robe (worn)
Comestibles
 b - 2 chunks of flesh
 c - a ration


   Skills:
 - Level 1.7 Dodging
 - Level 1.7 Stealth
 - Level 2.0 Spellcasting
 + Level 2.0 Conjurations
 - Level 2.6 Fire Magic


You had 3 spell levels left.
You knew the following spells:

 Your Spells              Type           Power        Failure   Level  Hunger
h - Flame Tongue          Conj/Fire      ###..        1%          1    #......

Your spell library contained the following spells:

 Spells                   Type           Power        Failure   Level  Hunger
 Throw Flame              Conj/Fire      ###...       1%          2    ##.....
 Conjure Flame            Conj/Fire      ###.....     2%          3    ###....
 Inner Flame              Hex/Fire       ###.....     3%          3    ###....
 Sticky Flame             Conj/Fire      ###.....     7%          4    #####..
 Fireball                 Conj/Fire      ###.......   16%         5    ######.


Dungeon Overview and Level Annotations

Branches:
Dungeon (3/15)

Altars:
Makhleb
The Shining One


Message History

The rat twitches its whiskers.
The rat closely misses you. The adder closely misses you. The adder bites you.
You are poisoned.
The adder poisons you!
You feel sick. The adder bites you.
It was a potion of brilliance.
You feel clever all of a sudden.
You feel sick. The adder bites you.
Casting: Flame Tongue (safe; 1% risk of failure)
Confirm with . or Enter, or press ? or * to list all spells.
Aiming: Flame Tongue (safe; 1% risk of failure)
Press: ? - help, Shift-Dir - straight line, f - adder
Aim: an adder The flame tongue hits the adder.
The adder is heavily wounded.
The adder barely misses you.
Are you sure you want to abandon this character and quit the game? (Confirm with "yes".)

####)......%.# #..
...........<# ..##
#....?.....#####..#
###.................###
#...?........# #...# ### ..
#...>.....## #...# ##.# ..##
#........rr# #..## #.<# ..#
##########S# ##..####.##
.##.######## #@# ##.(##..#
...........###
#.########....## .##..#
#.....####........%..###
...#.###.............######.#
##......._8_.............##.#
#.)#............###..........
..###.(#.....####
#######.#..#
.###...........## ##.#
....(...........## ..


You could see an adder and 2 rats.

Vanquished Creatures
  A bat (D:2)
  A goblin (D:2)
  2 jackals (D:2)
  2 kobolds (D:2)
6 creatures vanquished.

Notes
Turn   | Place    | Note
-------+----------+-------------------------------------------
     0 | D:1      | Duffy the Demonspawn Fire Elementalist began the quest for
                  | the Orb.
     0 | D:1      | Reached XP level 1. HP: 13/13 MP: 3/3
   304 | D:2      | Found a glowing golden altar of the Shining One.
   311 | D:2      | Found a burning altar of Makhleb.
   399 | D:2      | Quit the game

Vault maps used:
D:1:      dpeg_arrival_fog
D:2:      chequers_temple_overflow_statue_of_worship, first_ration,
          minmay_pentomino_w2
D:3:      lemuel_upstairs_altar

Skill      XL: |  1 |
---------------+----+-----
Conjurations   | 2 |  2.0
Dodging        | |  1.7
Stealth        | |  1.7
Spellcasting   | |  2.0
Fire Magic     | |  2.6

Action                   || total
-------------------------++-------
Melee: Unarmed           ||    16
 Cast: Flame Tongue      ||    14
  Use: Potion            ||     1
Armor: Robe              ||     6
Dodge: Dodged            ||    26

Table legend:
 A = Non-vault XP
 B = Vault XP
 C = Vault XP percentage of total XP
 D = Non-vault monster count
 E = Vault monster count
 F = Vault count percentage of total count
                 A         B        C        D         E       F
            +---------+---------+-------+---------+---------+-------
      Total |      11 |       0 |   0.0 |       6 |       0 |   0.0
            +---------+---------+-------+---------+---------+-------
        D:2 |      11 |       0 |   0.0 |       6 |       0 |   0.0
            +---------+---------+-------+---------+---------+-------
